 Dungeon Crawl Stone Soup version 0.31-a0-237-g2d982f9f85 (webtiles) character file.

Game seed: 8862047275417494311

89 qw the Shooter (level 4, -5/26 HPs)
             Began as a Gargoyle Hexslinger on July 10, 2023.
             Killed by divine providence
             ... invoked by an orc priest
              (15 damage)
             ... on level 3 of the Dungeon.
             The game lasted 00:00:37 (1470 turns).

qw the Shooter (Gargoyle Hexslinger)                Turns: 1470, Time: 00:00:37

Health: -5/26      AC: 10    Str: 18    XL:     4   Next: 55%
Magic:  5/5        EV: 11    Int: 13    God:
Gold:   87         SH:  0    Dex: 14    Spells: 4/5 levels left

rFire   . . .        Y - +1 sling
rCold   . . .        (no shield)
rNeg    + . .        m - +0 ring mail
rPois   inf          (no helmet)
rElec   +            d - +0 cloak
rCorr   .            (no gloves)
SInv    .            (no boots)
Will    .....        (no amulet)
Stlth   +            e - +6 ring of strength
HPRegen 0.24/turn    (no ring)
MPRegen 0.09/turn

%: no passive effects
@: no status effects
A: sickness immunity, AC +3, negative energy resistance 1, electricity
resistance, torment resistance 1, petrification resistance
a: no special abilities


You were on level 3 of the Dungeon.
You visited 1 branch of the dungeon, and saw 3 of its levels.

You collected 87 gold pieces.


Innate Abilities, Weirdness & Mutations

You are immune to sickness and miasma.
Your stone body is resilient. (AC +3)
You are immune to poison.
You resist negative energy. (rN+)
You are resistant to electric shocks. (rElec)
You are resistant to unholy torment.
You are immune to petrification.


   Skills:
 - Level 2.0 Fighting
 + Level 4.0 Ranged Weapons
 - Level 1.5 Armour
 - Level 1.5 Dodging
 - Level 1.0 Spellcasting
 - Level 2.6 Hexes


You had 4 spell levels left.
You knew the following spells:

 Your Spells              Type           Power      Damage    Failure   Level
a - Slow                  Hex            28%        N/A       17%         1

Your spell library contained the following spells:

 Spells                   Type           Power      Damage    Failure   Level
 Inner Flame              Hex/Fire       4%         N/A       65%         3
 Portal Projectile        Hex/Tloc       8%         N/A       65%         3
 Cause Fear               Hex            3%         N/A       86%         4

Inventory:

Hand Weapons
 Y - a +1 sling (weapon)
Armour
 d - a +0 cloak (worn)
 m - a +0 ring mail (worn)
Jewellery
 e - a +6 ring of strength (left hand)
Scrolls
 b - a scroll of identify
Potions
 a - a potion of lignification {unknown}
 c - a potion of heal wounds {unknown}
 f - a potion of berserk rage {unknown}
 j - a potion of enlightenment {unknown}
 l - a potion of might {unknown}

Dungeon Overview and Level Annotations

Branches:
Dungeon (3/15)

Altars:


Message History

There is an open door here. 2 gnolls and 2 orcs come into view.
An orc is wielding a +0 mace and wearing a +2 ring mail of positive energy.
The gnoll shouts!
The orc shouts! x2
The orc throws a boomerang.
The boomerang hits you but does no damage.
An orc comes into view. It is wielding a +0 short sword.
The orc moves out of view.
1463 ||| Stepping ~*~*~tactically~*~*~ (outnumbered).
There is an open door here.
You shoot a sling bullet.
The sling bullet barely misses the orc priest.
You hear a shout! x2
You shoot a sling bullet.
The sling bullet closely misses the orc priest.
The orc priest barely misses you.
You shoot a sling bullet. The sling bullet hits the orc priest.
The orc priest is lightly wounded.
The orc priest hits you with a +0 dagger.
The orc priest invokes the aid of Beogh against you.
Beogh smites you! The gnoll barely misses you.
You shoot a sling bullet. The sling bullet hits the orc priest.
The orc priest is moderately wounded.
The orc priest calls down the wrath of Beogh upon you.
Pain shoots through your body! The gnoll misses you.
You shoot a sling bullet. The sling bullet hits the orc priest.
The orc priest is heavily wounded.
The gnoll hits you with a +0 whip.
The orc priest hits you but does no damage.
A hobgoblin comes into view.
1469 ||| Stepping ~*~*~tactically~*~*~ (outnumbered).
The orc attacks as you move away! The orc hits you with a +0 falchion.
The orc priest miscasts a cantrip.
You shoot a sling bullet. The sling bullet barely misses the orc.
The sling bullet hits the gnoll but does no damage.
The orc hits you but does no damage.
The orc priest invokes the aid of Beogh against you.
Beogh smites you!
Ouch! That really hurt!
You die...

..##....#......
...............
....<..>.......
...............
#.............
#.....ogo.....
#.....go..o...
######o#......
#@# o.... #.#
o.g. #.# ...
#.# ##
#.#########
#.#......)#
#.#.#####)#
#.#.#<..#.#
#.#.###.#.#


You could see an orc priest, a gnoll, 3 orcs and a hobgoblin.

Vanquished Creatures
  An orc wizard (D:3)
  2 adders (D:2)
  2 dart slugs
  2 orcs (D:3)
  8 ball pythons
  An endoplasm (D:1)
  2 giant cockroaches (D:1)
  7 hobgoblins
  2 jackals (D:1)
  A quokka (D:1)
  3 bats
  2 frilled lizards (D:2)
  2 goblins
  4 kobolds
  2 rats
41 creatures vanquished.

Notes
Turn   | Place    | Note
-------+----------+-------------------------------------------
     0 | D:1      | qw the Gargoyle Hexslinger began the quest for the Orb.
     0 | D:1      | Reached XP level 1. HP: 12/12 MP: 2/2
     0 | D:1      | 0 ||| qw: Version: 0.3-a-52-g30416fa
     0 | D:1      | 0 ||| qw: Game counter: 5388
     0 | D:1      | 0 ||| qw: Melee chars always use a shield: true
     0 | D:1      | 0 ||| qw: God list: Okawaru
     0 | D:1      | 0 ||| qw: Allow faded altars: false
     0 | D:1      | 0 ||| qw: Do Orc after clearing Dungeon:15 true
     0 | D:1      | 0 ||| qw: Do second Lair branch before Depths: true
     0 | D:1      | 0 ||| qw: Lair rune preference: random
     0 | D:1      | 0 ||| qw: Goals: Normal
     0 | D:1      | 0 ||| PLANNING D:1-11
    61 | D:1      | Reached XP level 2. HP: 16/16 MP: 3/3
    82 | D:1      | Reached skill level 3 in Ranged Weapons
   402 | D:1      | Reached XP level 3. HP: 21/21 MP: 4/4
   642 | D:1      | 642 ||| UPGRADING to +0 cloak.
   647 | D:1      | 647 ||| UPGRADING to +0 ring mail.
   657 | D:1      | 657 ||| DROPPING +0 robe.
   658 | D:1      | 658 ||| UPGRADING to +6 ring of strength.
   659 | D:1      | 659 ||| DROPPING +6 ring of intelligence.
   660 | D:1      | 660 ||| READING scroll labelled KUNYIX CEAXTE.
   661 | D:1      | 661 ||| READING scroll labelled IDIOZOSICU.
   662 | D:1      | 662 ||| READING scroll labelled TUTAES SIXAYB.
   663 | D:1      | 663 ||| DROPPING scroll of poison.
  1001 | D:2      | Reached XP level 4. HP: 22/26 MP: 5/5
  1401 | D:3      | Reached skill level 4 in Ranged Weapons
  1413 | D:3      | Reached skill level 1 in Armour
  1460 | D:3      | 1460 ||| Stepping ~*~*~tactically~*~*~ (outnumbered).
  1463 | D:3      | 1463 ||| Stepping ~*~*~tactically~*~*~ (outnumbered).
  1469 | D:3      | 1469 ||| Stepping ~*~*~tactically~*~*~ (outnumbered).
  1470 | D:3      | Killed from afar by an orc priest

Levels and vault maps discovered:
D:1:      roderic_dead_forest, layout_loops_ring
D:2:      layout_loops_ring, serial_glass, glass_columns_b, glass_columns_b,
          hangedman_glass_teeth, minmay_misc_feat_diagonals
D:3:      layout_basic, general_overflow_altar, nicolae_overflow_crystal_walls

Skill      XL: |  1  2  3  4 |
---------------+-------------+-----
Ranged Weapons | 3 4 |  4.0
Fighting       | 2 |  2.0
Armour         | 1 |  1.5
Dodging        | |  1.5
Spellcasting   | |  1.0
Hexes          | |  2.6

Action                     |  1- 3 |  4- 6 || total
---------------------------+-------+-------++-------
   Fire: Sling             |   107 |    38 ||   145
    Use: Scroll            |     3 |       ||     3
 Armour: Ring mail         |    23 |    16 ||    39
         Robe              |     2 |       ||     2
  Dodge: Dodged            |    30 |     4 ||    34

Table legend:
 A = Non-vault XP
 B = Vault XP
 C = Vault XP percentage of total XP
 D = Non-vault monster count
 E = Vault monster count
 F = Vault count percentage of total count
                 A         B        C        D         E       F
            +---------+---------+-------+---------+---------+-------
      Total |     128 |       0 |   0.0 |      41 |       0 |   0.0
            +---------+---------+-------+---------+---------+-------
        D:1 |      43 |       0 |   0.0 |      26 |       0 |   0.0
        D:2 |      44 |       0 |   0.0 |      12 |       0 |   0.0
        D:3 |      41 |       0 |   0.0 |       3 |       0 |   0.0
            +---------+---------+-------+---------+---------+-------
